 Dungeon Crawl Stone Soup version 0.30.0-13-g156ef70053 (webtiles) character file.

Game seed: 15162991417944795830

15157 cheesebisquit the Basher (level 11, 0/95 HPs)
             Began as an Armataur Fighter on May 17, 2023.
             Was an Elder of Makhleb.
             Slain by a yak (7 damage)
             ... on level 11 of the Dungeon.
             The game lasted 00:39:18 (10961 turns).

cheesebisquit the Basher (Armataur Fighter)        Turns: 10961, Time: 00:39:19

Health: 0/95       AC: 14    Str: 27    XL:     11   Next: 98%
Magic:  14/14      EV:  6    Int: 10    God:    Makhleb [****..]
Gold:   615        SH:  5    Dex: 11    Spells: 10/10 levels left

rFire   . . .        r - +10 hammer of Discretion {freeze, *Rage Fly rPois Int+2}
rCold   + . .        c - +0 buckler
rNeg    . . .        k - +0 plate armour
rPois   +            a - +0 helmet of the Lair of Beasts {rC+ Dex+2}
rElec   .            t - +0 cloak
rCorr   .            (no gloves)
SInv    +            (no barding)
Will    .....        v - amulet of the acrobat Stlth
                     P - ring of see invisible
HPRegen 0.35/turn    (no ring)
MPRegen 0.14/turn

%: random rage (20%), acrobat, roll
@: mighty, marked, flying, invisible
A: large, rugged brown scales 3, deformed body, armoured tail, roll, long
tongue, awkward tongue
a: Renounce Religion, Minor Destruction, Lesser Servant of Makhleb, Major
Destruction


You were on level 11 of the Dungeon.
You worshipped Makhleb.
Makhleb was greatly pleased with you.
You visited 2 branches of the dungeon, and saw 12 of its levels.

You collected 615 gold pieces.

Inventory:

Hand Weapons
 j - a +1 mace of draining
 r - the +10 hammer of Discretion (weapon) {freeze, *Rage Fly rPois Int+2}
   (You found it on level 4 of the Dungeon)

   Int:       It affects your intelligence (+2).
   rPois:     It protects you from poison.
   Fly:       It grants you flight.
   *Rage:     It berserks you when you make melee attacks (+20% chance).
 s - a +1 sling of freezing
 x - a +4 flail of holy wrath
 K - the +1 longbow "Killer Klown's Doom" {heavy, rN+ Stlth+}
   (You took it off an orc priest on level 9 of the Dungeon)

   rN:        It protects you from negative energy.
   Stlth:     It makes you more stealthy.
 M - a +1 morningstar of draining
Missiles
 w - 22 poisoned darts (quivered)
 E - 6 curare-tipped darts
 J - 4 throwing nets
 R - 6 boomerangs
Armour
 a - the +0 helmet of the Lair of Beasts (worn) {rC+ Dex+2}
   (You acquired it on level 4 of the Dungeon)

   Dex:       It affects your dexterity (+2).
   rC:        It protects you from cold.
 c - a +0 buckler (worn)
 k - a +0 plate armour (worn)
 t - a +0 cloak (worn)
Jewellery
 v - an amulet of the acrobat (around neck)
 P - a ring of see invisible (left hand)
Wands
 l - a wand of mindburst (18)
 B - a wand of flame (15)
 C - a wand of charming (16)
 F - a wand of polymorph (6)
 G - a wand of iceblast (11)
Scrolls
 d - 4 scrolls of poison
 f - 4 scrolls of teleportation
 i - 6 scrolls of amnesia
 n - a scroll of vulnerability {unknown}
 p - 2 scrolls of fear
 q - 3 scrolls of fog
 y - 3 scrolls of blinking
 H - a scroll of enchant armour {unknown}
 N - a scroll of enchant weapon {unknown}
 Q - a scroll of noise {unknown}
Potions
 b - 4 potions of haste
 e - a potion of attraction
 g - 4 potions of degeneration
 h - 6 potions of curing
 m - 2 potions of ambrosia {unknown}
 o - 3 potions of invisibility
 u - a potion of mutation
 z - 2 potions of lignification
 A - a potion of flight
 D - 2 potions of brilliance
 I - 5 potions of magic {unknown}


   Skills:
 + Level 5.8 Fighting
 - Level 14.0 Maces & Flails
 + Level 7.6 Armour
 + Level 4.0 Dodging
 - Level 5.0 Stealth
 - Level 5.0 Shields
 + Level 5.3 Invocations


You had 10 spell levels left.
You didn't know any spells.
Your spell library contained the following spells:

 Spells                   Type           Power      Damage    Failure   Level
 Slow                     Hex            0%         N/A       99%         1
 Summon Small Mammal      Summ           0%         N/A       99%         1
 Cigotuvi's Dreadful Rot  Necr/Pois/Air  0%         N/A       100%        2
 Lesser Beckoning         Tloc           0%         N/A       100%        2
 Call Canine Familiar     Summ           0%         N/A       100%        3
 Confusing Touch          Hex            0%         N/A       100%        3
 Gell's Gravitas          Tloc           0%         N/A       100%        3
 Ozocubu's Armour         Ice            0%         N/A       100%        3
 Stone Arrow              Conj/Erth      0%         3d7       100%        3
 Summon Guardian Golem    Hex/Summ       0%         N/A       100%        3
 Teleport Other           Tloc           0%         N/A       100%        3
 Vampiric Draining        Necr           0%         2d6       100%        3
 Animate Armour           Summ/Erth      0%         N/A       100%        4
 Dispel Undead            Necr           0%         3d6       100%        4
 Alistair's Intoxication  Tmut/Pois      0%         N/A       100%        5
 Borgnjor's Vile Clutch   Necr/Erth      0%         N/A       100%        5
 Death Channel            Necr           0%         N/A       100%        6
 Eringya's Noxious Bog    Tmut/Pois      0%         N/A       100%        6
 Ozocubu's Refrigeration  Ice            0%         4d7       100%        7
 Lehudib's Crystal Spear  Conj/Erth      0%         10d2      100%        8


Dungeon Overview and Level Annotations

Branches:
Dungeon (11/15)            Temple (1/1) D:7            Lair (0/5) D:8
    Orc (0/2) D:10

Altars:
Ashenzari
Cheibriados
Dithmenos
Elyvilon
Fedhas
Gozag
Hepliaklqana
Kikubaaqudgha
Makhleb
Nemelex Xobeh
Okawaru
Qazlal
Ru
Sif Muna
Trog
Uskayaw
Vehumet
Wu Jian
Xom
Yredelemnul
Zin
The Shining One
Lugonu

Shops:
D:1 (

Annotations:
D:3 3 runed translucent doors, GigaChad's ghost, weakling FoFi; Natasha
D:4 1 runed translucent door, Crazy Yiuf


Innate Abilities, Weirdness & Mutations

You are completely covered in rugged brown scales. (AC +3, +7% HP)
Armour fits poorly on your strangely shaped body.
You have a long armoured tail.
You roll when moving toward enemies. (Rampage)
Your long tongue fully drains potion bottles. (2x potion effects)
Your tongue gives you trouble enunciating. (1.5x scroll delay)


Message History

The yak barely misses you.
A deep elf zephyrmancer comes into view.
It is wielding a +0 long sword.
You sock the unseen horror! You freeze the unseen horror.
You kill the unseen horror!
Makhleb accepts your kill. The yak barely misses you.
The yak gores you but does no damage. x2
You sock the yak! You freeze the yak. You tail-slap the yak!
The yak is heavily wounded.
You sock the yak! You freeze the yak.
The yak is almost dead.
An unseen horror comes into view.
The yak barely misses you. You block the yak's attack.
The yak gores you but does no damage.
A deep elf pyromancer comes into view.
It is wielding a +0 long sword and carrying a wand of polymorph (7).
The deep elf zephyrmancer casts a spell.
The deep elf zephyrmancer blinks!
You barely miss the yak.
The yak is almost dead.
The unseen horror barely misses you. The yak gores you! x2
The yak barely misses you.
A deep elf zephyrmancer comes into view.
It is wielding a +0 long sword.
You feel very mighty all of a sudden.
You slurp down every last drop of the potion of might!
The unseen horror hits you but does no damage.
The unseen horror hits you. x2
* * * LOW HITPOINT WARNING * * *
A yak comes into view.
The yak gores you!
* * * LOW HITPOINT WARNING * * *
The yak gores you but does no damage.
A deep elf pyromancer comes into view. It is wielding a +0 long sword.
The yak gores you.
* * * LOW HITPOINT WARNING * * *
You fade into invisibility!
You slurp down every last drop of the potion of invisibility!
The unseen horror hits you but does no damage.
The yak gores you!
* * * LOW HITPOINT WARNING * * *
The yak barely misses you. The yak gores you!
You die...

.##.........#......(.......
...<)......).......##...#..
...................# ...#
#.)).######........# ##.#
...†.....##........# .#
.......#.#####'###### #
.......#............+
.......##.#####.#####..(
.......##.....xY@!...#
.......##.#####Y†Y...#
....#..# #......# .##.#....
....Y### .. .. ..# ##.#..Y
.. .#. $...... #.###.#e #.
.#ee


You could see 2 deep elf pyromancers, a deep elf zephyrmancer (unable to see
you), 5 yaks and an unseen horror (invisible).

Vanquished Creatures
  A fire dragon (D:9)
  Harold (D:9)
  3 two-headed ogres
  3 ugly things
  An unseen horror zombie (D:9)
  An unseen horror (D:11)
  A troll (D:9)
  A shadow (D:10)
  14 yaks
  A vampire (D:11)
  3 wraiths (D:10)
  2 wyverns
  5 vampire mosquitoes
  A steam dragon (D:9)
  Edmund (D:4)
  An acid dragon (D:9)
  A water moccasin (D:9)
  2 orc warriors
  2 sky beasts
  3 ice beasts
  2 black bears
  An ogre (D:6)
  8 centaurs
  3 phantoms
  3 kobold brigands
  4 bullfrogs
  2 gnoll sergeants
  6 scorpions
  4 necrophages (D:9)
  15 wights
  9 killer bees
  2 troll zombies (D:10)
  4 howler monkeys
  2 centaur zombies (D:9)
  A hound (D:3)
  A jelly (D:5)
  15 orc priests
  Terence (D:2)
  Jessica (D:2)
  A human zombie (D:9)
  4 iguanas
  2 gnoll boudas (D:9)
  Natasha (twice) (D:4)
  17 orc wizards
  A killer bee zombie (D:9)
  6 ogre zombies (D:10)
  A mummy (D:9)
  A howler monkey zombie (D:9)
  8 gnolls
  6 adders
  A shadow imp (D:7)
  A white imp (D:6)
  An ufetubus (D:6)
  4 worms
  A dart slug (D:4)
  35 orcs
  5 ball pythons
  5 endoplasms
  4 giant cockroaches
  6 goblins
  4 hobgoblins
  6 jackals
  10 kobolds
  4 quokkas
  9 bats
  A frilled lizard (D:1)
  4 goblin zombies (D:10)
  3 hobgoblin zombies (D:10)
  7 orc skeletons (D:10)
  11 orc zombies (D:10)
  3 rats
306 creatures vanquished.

Notes
Turn   | Place    | Note
-------+----------+-------------------------------------------
     0 | D:1      | cheesebisquit the Armataur Fighter began the quest for the
                  | Orb.
     0 | D:1      | Reached XP level 1. HP: 19/19 MP: 1/1
   116 | D:1      | Reached skill level 2 in Maces & Flails
   219 | D:1      | Reached XP level 2. HP: 26/26 MP: 2/2
   564 | D:1      | Found Icourch's Antique Weapon Emporium.
   564 | D:1      | Found a faded altar of an unknown god.
   696 | D:2      | Noticed Terence
   705 | D:2      | Killed Terence
   706 | D:2      | Reached skill level 3 in Maces & Flails
   706 | D:2      | Reached XP level 3. HP: 18/32 MP: 3/3
   896 | D:2      | Noticed Jessica
   908 | D:2      | Killed Jessica
   909 | D:2      | Reached skill level 4 in Maces & Flails
   909 | D:2      | Reached XP level 4. HP: 15/39 MP: 4/4
  1470 | D:2      | You fall into a shaft and drop 2 floors!
  1492 | D:4      | Noticed Natasha
  1499 | D:4      | Killed Natasha
  1500 | D:4      | Reached XP level 5. HP: 37/44 MP: 5/5
  1608 | D:3      | Found a sacrificial altar of Ru.
  1692 | D:3      | Reached skill level 5 in Maces & Flails
  1751 | D:3      | Found a runed translucent gate.
  2239 | D:3      | Found a broken altar of Ashenzari.
  2461 | D:3      | Found an iron altar of Okawaru.
  2491 | D:3      | Reached XP level 6. HP: 50/53 MP: 6/6
  2632 | D:3      | Found a sparkling altar of Nemelex Xobeh.
  2683 | D:3      | Found a runed translucent gate.
  2685 | D:3      | Found a runed translucent gate.
  2685 | D:3      | Noticed GigaChad's ghost (weakling FoFi)
  2922 | D:3      | Found a hide-covered altar of Uskayaw.
  2922 | D:3      | Found a radiant altar of Vehumet.
  3285 | D:4      | Reached skill level 6 in Maces & Flails
  3430 | D:4      | Noticed Edmund
  3435 | D:4      | Killed Edmund
  3436 | D:4      | Noticed Natasha
  3445 | D:4      | Killed Natasha
  3446 | D:4      | Reached skill level 7 in Maces & Flails
  3449 | D:4      | Reached XP level 7. HP: 24/59 MP: 7/7
  3456 | D:4      | Noticed Natasha
  3690 | D:4      | Found a runed translucent door.
  3691 | D:4      | Noticed Crazy Yiuf
  3692 | D:4      | Identified the +10 hammer of Discretion {freeze, *Rage Fly
                  | rPois Int+2}
  3740 | D:4      | Identified a scroll of acquirement
  3741 | D:4      | Acquired the +0 helmet of the Lair of Beasts {rC+ Dex+2}
  3854 | D:4      | Found a glowing silver altar of Zin.
  3854 | D:4      | Found a glowing golden altar of the Shining One.
  3854 | D:4      | Found a white marble altar of Elyvilon.
  3913 | D:5      | Entered Level 5 of the Dungeon
  4503 | D:5      | Found an ornate altar of the Wu Jian Council.
  4759 | D:5      | Reached skill level 8 in Maces & Flails
  4916 | D:6      | Reached XP level 8. HP: 66/66 MP: 8/8
  5001 | D:6      | Reached skill level 9 in Maces & Flails
  5264 | D:6      | Reached skill level 10 in Maces & Flails
  5565 | D:6      | Found a shimmering blue altar of Sif Muna.
  5816 | D:7      | Found a snail-covered altar of Cheibriados.
  5951 | D:7      | Reached skill level 11 in Maces & Flails
  5951 | D:7      | Reached XP level 9. HP: 72/72 MP: 9/9
  6008 | D:7      | Found a staircase to the Ecumenical Temple.
  6013 | Temple   | Entered the Ecumenical Temple
  6244 | D:7      | Reached skill level 12 in Maces & Flails
  6864 | D:8      | Found a staircase to the Lair.
  7160 | D:8      | Found a burning altar of Makhleb.
  7166 | D:8      | Became a worshipper of Makhleb the Destroyer
  7452 | D:8      | Reached skill level 13 in Maces & Flails
  7966 | D:8      | Reached XP level 10. HP: 65/78 MP: 10/10
  8171 | D:9      | Found a hazy altar of Hepliaklqana.
  8180 | D:9      | Noticed Harold
  8187 | D:9      | Noticed a two-headed ogre
  8192 | D:9      | Killed Harold
  8208 | D:9      | Killed a two-headed ogre
  8209 | D:9      | Reached skill level 14 in Maces & Flails
  8421 | D:9      | Noticed a brown ugly thing
  8431 | D:9      | Killed a brown ugly thing
  8432 | D:9      | Reached skill level 1 in Stealth
  8432 | D:9      | Reached skill level 1 in Invocations
  8522 | D:9      | Noticed a fire dragon
  8535 | D:9      | Killed a fire dragon
  8536 | D:9      | Reached skill level 1 in Dodging
  8702 | D:9      | Reached * piety under Makhleb
  8759 | D:9      | Found a shadowy altar of Dithmenos.
  8763 | D:9      | Found a shimmering blue altar of Sif Muna.
  8764 | D:9      | Found a shimmering altar of Xom.
  8764 | D:9      | Found a shimmering blue altar of Sif Muna.
  8782 | D:9      | Reached skill level 5 in Armour
  8834 | D:9      | Identified the +1 longbow "Killer Klown's Doom" {heavy, rN+
                  | Stlth+}
  9058 | D:9      | Noticed a two-headed ogre
  9066 | D:9      | Killed a two-headed ogre
  9067 | D:9      | Reached XP level 11. HP: 89/89 MP: 11/13
  9077 | D:9      | Found a bloodstained altar of Trog.
  9378 | D:9      | Reached skill level 5 in Shields
  9380 | D:9      | Reached ** piety under Makhleb
  9411 | D:9      | Found an ancient bone altar of Kikubaaqudgha.
  9723 | D:10     | Entered Level 10 of the Dungeon
  9853 | D:10     | Found a shadowy altar of Dithmenos.
  9877 | D:10     | Found a staircase to the Orcish Mines.
  9950 | D:10     | Noticed a red ugly thing
  9960 | D:10     | Killed a red ugly thing
 10061 | D:10     | Reached *** piety under Makhleb
 10062 | D:10     | Reached skill level 5 in Stealth
 10067 | D:10     | Reached skill level 5 in Fighting
 10718 | D:11     | Reached **** piety under Makhleb
 10743 | D:11     | Noticed a green ugly thing
 10750 | D:11     | Killed a green ugly thing
 10801 | D:11     | Noticed a two-headed ogre
 10808 | D:11     | Killed a two-headed ogre
 10809 | D:11     | Reached skill level 5 in Invocations
 10955 | D:11     | Noticed a deep elf zephyrmancer
 10958 | D:11     | Noticed a deep elf pyromancer
 10959 | D:11     | Noticed a deep elf zephyrmancer
 10960 | D:11     | Noticed a deep elf pyromancer
 10961 | D:11     | Slain by a yak

Illustrated notes

Levels and vault maps discovered:
D:1:      minmay_arrival_split_and_join, layout_basic, basic_ecumenical_altar,
          serial_shops, shop, dk_noncrumbling_3
D:2:      layout_basic, uniq_terence, uniq_jessica
D:3:      layout_loops_corners, mainiacjoe_overflow_24_doors,
          nemelex_spade_bored_becter, nicolae_overflow_two_pavilions,
          nicolae_ashenzari_panopticon, hangedman_ru_absence,
          gammafunk_ghost_nasty_kobolds, hangedman_feature_mirror,
          kennysheep_generic_room_13
D:4:      layout_basic, good_gods_mini_temple, uniq_crazy_yiuf_cottage,
          uniq_edmund, uniq_natasha
D:5:      layout_gridville, pdpol_wu_jian_five_deadly_venoms
D:6:      layout_rooms, kennysheep_orc_sif_temple
D:7:      layout_layer_cave, nicolae_overflow_hidden_temple,
          minmay_temple_entry_proselytizer
D:8:      minmay_recursive_quarters, layout_rooms,
          nicolae_overflow_crystal_walls
D:9:      minmay_the_grid_octo_tiled_squarecenter
          [minmay_the_grid_octo_checkerflower, minmay_the_grid_octo_shrine,
          minmay_the_grid_octo_odd_swirl, minmay_the_grid_octo_77,
          minmay_the_grid_square_5x5_megaprize_hollow,
          minmay_the_grid_square_5x5_forky, minmay_the_grid_square_5x5_comb,
          minmay_the_grid_square_5x5_n, minmay_the_grid_square_5x5_six_small],
          layout_loops_ring, kennysheep_little_box,
          lemuel_mausoleum_altar_kikubaaqudgha, david_defended_altar_orc,
          uniq_harold
D:10:     layout_rooms, grunt_dithmenos_smoke_and_mirrors, zombieorc2_lemuel,
          minmay_bent
D:11:     lemuel_slime, layout_basic, elves_outpost_lemuel
Temple:   corrupted_temple

Skill      XL: |  1  2  3  4  5  6  7  8  9 10 11 |
---------------+----------------------------------+-----
Maces & Flails | 2 3 4 5 7 8 11 13 14 | 14.0
Fighting       | 4 5 |  5.8
Armour         | 5 7 |  7.6
Stealth        | 3 5 |  5.0
Invocations    | 2 5 |  5.3
Dodging        | 2 4 |  4.0
Shields        | 4 5 |  5.0

Action                     |  1- 3 |  4- 6 |  7- 9 | 10-12 || total
---------------------------+-------+-------+-------+-------++-------
  Melee: Flail             |    44 |       |       |       ||    44
         Tailslap          |     5 |    10 |    20 |    46 ||    81
         Mace              |    18 |   146 |   211 |   339 ||   714
  Throw: Dart              |     5 |    12 |    11 |     9 ||    37
         Boomerang         |       |       |     1 |       ||     1
    Use: Potion            |       |     1 |     4 |     4 ||     9
         Scroll            |       |       |    16 |     1 ||    17
 Armour: Scale mail        |    30 |       |       |       ||    30
         Chain mail        |       |   104 |    79 |     6 ||   189
         Plate armour      |       |       |       |   147 ||   147
  Dodge: Dodged            |    24 |    42 |    67 |    90 ||   223
  Block: Buckler           |    16 |    27 |    31 |    57 ||   131
